 Dungeon Crawl Stone Soup version 0.21-a0-251-g5e8393f (webtiles) character file.

3943 sagitran the Cutter (level 10, -2/74 HPs)
             Began as a Demonspawn Gladiator on Sept 5, 2017.
             Was an Initiate of Wu Jian.
             Slain by Joseph
             ... wielding a +0 quarterstaff
              (27 damage)
             ... on level 8 of the Dungeon.
             The game lasted 00:52:55 (7995 turns).

sagitran the Cutter (Demonspawn Gladiator)          Turns: 7995, Time: 00:52:55

Health: -2/74      AC:  5    Str: 18    XL:     10   Next: 1%
Magic:  10/10      EV: 15    Int:  9    God:    Wu Jian [......]
Gold:   248        SH:  8    Dex: 18    Spells: 1/9 levels left

rFire    . . .     SeeInvis .   C - +5 pair of quick blades "Gyre" and "Gimble" {pierce, Dex-3}
rCold    . . .     Gourm    .   (shield currently unavailable)
rNeg     + . .     Faith    .   L - +1 robe {rN+}
rPois    .         Spirit   .   c - +0 helmet
rElec    .         Reflect  .   v - +0 cloak
rCorr    +         Harm     .   (no gloves)
MR       .....                  (no boots)
Stlth    +++.......             (no amulet)
HPRegen  0.22/turn              D - +6 ring of dexterity
MPRegen  0.12/turn              E - ring of resist corrosion

@: no status effects
A: claws 2, large bone plates 3, foul stench 1, powered by death 1, rot immunity
a: Renounce Religion


You were on level 8 of the Dungeon.
You worshipped Wu Jian.
Wu Jian was noncommittal.
You were not hungry.

You visited 2 branches of the dungeon, and saw 10 of its levels.

You collected 349 gold pieces.
You spent 101 gold pieces at shops.

Inventory:

Hand Weapons
 a - a +0 long sword
 r - a +0 dagger of venom
 C - the +5 pair of quick blades "Gyre" and "Gimble" (weapon) {pierce, Dex-3}
   (You found it on level 4 of the Dungeon)

   It inflicts extra damage upon your enemies.
   It affects your dexterity (-3).
Armour
 c - a +0 helmet (worn)
 g - a +0 buckler
 q - a +0 scale mail
 s - a +1 ring mail of fire resistance
 v - a +0 cloak (worn)
 I - a +1 chain mail of cold resistance
 L - a +1 robe of positive energy (worn)
Jewellery
 D - a +6 ring of dexterity (left claw)
 E - a ring of resist corrosion (right claw)
Wands
 y - a wand of polymorph (6/24)
 A - a wand of paralysis (17/24)
 H - a wand of polymorph (11/24)
 K - a wand of polymorph (7/24)
Scrolls
 e - a scroll of recharging {unknown}
 i - 5 scrolls of remove curse
 n - 2 scrolls of enchant armour
 p - 4 scrolls of enchant weapon
 t - 3 scrolls of amnesia
 u - 2 scrolls of magic mapping
 w - 2 scrolls of immolation
 F - a scroll of fear {unknown}
 M - a scroll of fog {unknown}
Potions
 b - 2 potions of agility {unknown}
 d - 2 potions of flight {unknown}
 h - 3 potions of curing {unknown}
 j - 3 potions of lignification
 o - a potion of might
 x - a potion of resistance {unknown}
 B - 2 potions of brilliance {unknown}
Books
 z - a book of Necromancy

   Spells                             Type                      Level
   a - Pain                           Necromancy                   1
   b - Animate Skeleton               Necromancy                   1
   c - Vampiric Draining              Necromancy                   3
   d - Regeneration                   Charms/Necromancy            3
   e - Animate Dead                   Necromancy                   4
   f - Control Undead                 Necromancy                   4
 N - a book of Conjurations

   Spells                             Type                      Level
   a - Magic Dart                     Conjuration                  1
   b - Searing Ray                    Conjuration                  2
   c - Dazzling Spray                 Conjuration/Hexes            3
   d - Fulminant Prism                Conjuration/Hexes            4
   e - Force Lance                    Conjuration/Translocation    4
   f - Iskenderun's Mystic Blast      Conjuration                  4
Comestibles
 f - 8 chunks of flesh
 k - 17 royal jellies
 l - 3 fruits
 m - 5 meat rations


   Skills:
 + Level 5.0 Fighting
 + Level 6.8(8.0) Short Blades
 + Level 6.3(7.7) Long Blades
 + Level 2.5 Throwing
 + Level 4.7 Armour
 + Level 5.0 Dodging
 + Level 3.4 Stealth
 + Level 3.8 Shields


You had one spell level left.
You knew the following spells:

 Your Spells              Type           Power        Failure   Level  Hunger
a - Pain                  Necr           #...         38%         1    ##.....
b - Animate Skeleton      Necr           N/A          38%         1    ##.....
c - Vampiric Draining     Necr           #.........   77%         3    ####...
d - Regeneration          Chrm/Necr      #.........   77%         3    ####...


Dungeon Overview and Level Annotations

Branches:
Dungeon (9/15)             Temple (1/1) D:7
   Lair: D:8-11         Orc: D:9-12

Altars:
Ashenzari
Cheibriados
Dithmenos
Elyvilon
Fedhas
Gozag
Hepliaklqana
Kikubaaqudgha
Makhleb
Nemelex Xobeh
Okawaru
Qazlal
Ru
Sif Muna
Trog
Uskayaw
Vehumet
Wu Jian
Xom
Yredelemnul
Zin
The Shining One

Shops:
D:4 *

Annotations:
D:8 Joseph


Innate Abilities, Weirdness & Mutations

You have very sharp fingernails.
You are completely covered in large bone plates. (SH +8)
You may emit foul miasma when damaged in melee.
You regenerate a little health from kills.
You are immune to rotting.


Message History

Joseph shoots a sling bullet.
You block the sling bullet.
You see here 2 sling bullets.
Joseph shoots a sling bullet.
The sling bullet barely misses you.
You see here a sling bullet.
Joseph shoots a sling bullet.
You block the sling bullet.
Throwing (i - inventory):
G - a throwing net (quivered)
Press: ? - help, Shift-Dir - straight line, f/p - Joseph
Aim: Joseph, wielding a hunting sling and wearing a ring mail You throw a throwing net.
The throwing net closely misses Joseph.
Joseph shoots a sling bullet.
The sling bullet barely misses you.
Joseph unwields an uncursed hunting sling.
Joseph wields an uncursed quarterstaff.
Joseph drinks a potion.
Joseph goes berserk!
You see here 3 sling bullets.
Joseph hits you with an uncursed quarterstaff!!
You emit a cloud of foul miasma!
You hit Joseph but do no damage. You hit Joseph.
Joseph is engulfed in dark miasma.
Joseph is poisoned.
Joseph hits you with an uncursed quarterstaff!!
You die...

##### ####..
##....... ...##
##.... #.....#
##..####..# ##.###
##......## #
####....#######
.................
######.##.#######
####
#.<.##.(#######....#
#.#####((.(.(@@(#
#<# #########....# #
#.# ##..# .# #.# ##.
. ..##.##.. .......#
##....### .........
....####


You could see Joseph (berserk).

Vanquished Creatures
  Pikel (D:6)
  The ghost of KristoblXynda the Ruffian, an amateur DrTm (D:4)
  A hippogriff (D:7)
  Sigmund (D:6)
  Eustachio (D:4)
  Menkaure (D:4)
  Edmund (D:6)
  2 orc warriors
  2 sky beasts
  2 ice beasts
  3 phantoms
  2 ogres
  A centaur (D:7)
  2 big kobolds (D:6)
  A bullfrog (D:6)
  3 scorpions
  A wyvern skeleton (D:9)
  A crimson imp (D:8)
  7 howler monkeys
  A centaur zombie (D:6)
  5 jellies
  A bullfrog zombie (D:7)
  3 orc wizards
  3 orc priests
  A centaur skeleton (D:4)
  A bullfrog skeleton (D:7)
  Crazy Yiuf (D:2)
  An iguana (D:8)
  5 worker ants
  A hound zombie (D:6)
  A worker ant zombie (D:5)
  5 gnolls
  6 adders
  7 oozes
  An adder zombie (D:8)
  An adder skeleton (D:5)
  9 worms
  4 leopard geckos
  14 orcs
  3 giant cockroaches
  3 goblins
  2 hobgoblins
  7 jackals
  2 quokkas (D:3)
  2 ball pythons
  4 bats
  4 frilled lizards
  7 kobolds
  A quokka zombie (D:4)
  6 rats
146 creatures vanquished.

Vanquished Creatures (others)
  An adder (D:6)
  A giant cockroach zombie (D:6)
2 creatures vanquished.

Grand Total: 148 creatures vanquished

Notes
Turn   | Place    | Note
-------+----------+-------------------------------------------
     0 | D:1      | sagitran the Demonspawn Gladiator began the quest for the Orb.
     0 | D:1      | Reached XP level 1. HP: 16/16 MP: 1/1
   369 | D:1      | Gained mutation: You are partially covered in large bone plates. (SH +4) [demonic ancestry]
   369 | D:1      | Reached XP level 2. HP: 22/22 MP: 2/2
  1063 | D:2      | Gained mutation: You regenerate a little health from kills. [demonic ancestry]
  1063 | D:2      | Reached XP level 3. HP: 25/27 MP: 3/3
  1285 | D:4      | Noticed KristoblXynda's ghost (amateur DrTm)
  1514 | D:3      | Gained mutation: You are immune to rotting. [demonic ancestry]
  1514 | D:3      | Reached XP level 4. HP: 28/33 MP: 4/4
  2878 | D:2      | Reached skill level 1 in Armour
  2920 | D:2      | Found a runed door.
  2965 | D:2      | Noticed Crazy Yiuf
  2972 | D:2      | Killed Crazy Yiuf
  2972 | D:2      | Reached XP level 5. HP: 39/39 MP: 5/5
  3240 | D:4      | Killed KristoblXynda's ghost
  3240 | D:4      | Reached skill level 5 in Long Blades
  3240 | D:4      | Reached skill level 1 in Shields
  3240 | D:4      | Gained mutation: You are mostly covered in large bone plates. (SH +6) [demonic ancestry]
  3240 | D:4      | Reached XP level 6. HP: 27/46 MP: 6/6
  3409 | D:5      | Entered Level 5 of the Dungeon
  3779 | D:4      | Found Iwiprah's Assorted Antiques.
  3783 | D:4      | Bought a fuming coppery potion for 19 gold pieces
  3783 | D:4      | Bought a sedimented emerald potion for 19 gold pieces
  3783 | D:4      | Bought a bubbling green potion for 19 gold pieces
  3783 | D:4      | Bought a scroll of identify for 44 gold pieces
  3916 | D:4      | Gained mutation: You may emit foul miasma when damaged in melee. [demonic ancestry]
  3916 | D:4      | Reached XP level 7. HP: 37/51 MP: 7/7
  3996 | D:4      | Noticed Eustachio
  4008 | D:4      | Killed Eustachio
  4032 | D:4      | Found the +5 pair of quick blades "Gyre" and "Gimble" {pierce, Dex-3}
  4094 | D:4      | Reached skill level 1 in Stealth
  4116 | D:4      | Noticed Menkaure
  4124 | D:4      | Killed Menkaure
  4432 | D:4      | Gained mutation: You are completely covered in large bone plates. (SH +8) [demonic ancestry]
  4432 | D:4      | Reached XP level 8. HP: 58/58 MP: 8/8
  4665 | D:5      | Reached skill level 1 in Short Blades
  4842 | D:6      | Noticed Pikel
  4852 | D:6      | Killed Pikel
  5086 | D:6      | Noticed Sigmund
  5095 | D:6      | Killed Sigmund
  5095 | D:6      | Gained mutation: You have sharp fingernails. [demonic ancestry]
  5095 | D:6      | Reached XP level 9. HP: 65/65 MP: 9/9
  5346 | D:6      | Noticed Edmund
  5361 | D:6      | Killed Edmund
  5437 | D:5      | Reached skill level 5 in Short Blades
  5940 | D:6      | Found a bloodstained altar of Trog.
  6494 | D:7      | Learned a level 1 spell: Pain
  6496 | D:7      | Learned a level 1 spell: Animate Skeleton
  6500 | D:7      | Learned a level 3 spell: Vampiric Draining
  6504 | D:7      | Learned a level 3 spell: Regeneration
  6745 | D:7      | Found a staircase to the Ecumenical Temple.
  6788 | Temple   | Entered the Ecumenical Temple
  7111 | Temple   | Became a worshipper of the Wu Jian Council
  7759 | D:9      | Reached skill level 5 in Dodging
  7930 | D:8      | Reached skill level 5 in Fighting
  7930 | D:8      | Gained mutation: You have very sharp fingernails. [demonic ancestry]
  7930 | D:8      | Reached XP level 10. HP: 69/74 MP: 10/10
  7977 | D:8      | Noticed Joseph
  7995 | D:8      | Slain by Joseph

Vault maps used:
D:1:      dpeg_arrival_arbitrary_c
D:2:      first_bread, uniq_crazy_yiuf_cottage
D:4:      serial_shops, nicolae_shop_window_shopping, uniq_menkaure,
          uniq_eustachio
D:6:      marbit_many_paths, minmay_unpleasant_kobolds, uniq_pikel,
          uniq_sigmund, uniq_edmund
D:7:      temple_fountains
D:8:      serial_shops, nicolae_shop_waterfront, hangedman_little_slice_of_home,
          uniq_prince_ribbit1, uniq_joseph
D:9:      basic_altar, minmay_variable_closet
Temple:   roderic_octagonal_lattice_temple

Skill      XL: |  1  2  3  4  5  6  7  8  9 |
---------------+----------------------------+-----
Long Blades    | 3 4 5 6 |  6.3
Dodging        | 3 4 5 |  5.0
Armour         | 1 2 3 4 |  4.7
Shields        | 1 2 3 |  3.8
Stealth        | 1 2 3 |  3.4
Fighting       | 3 5 |  5.0
Short Blades   | 4 6 |  6.8
Throwing       | 2 |  2.5

Action                   |  1- 3 |  4- 6 |  7- 9 | 10-12 || total
-------------------------+-------+-------+-------+-------++-------
Melee: Long sword        |   107 |   191 |    22 |       ||   320
       Pair of quick bla |       |       |   228 |     6 ||   234
Throw: Throwing net      |       |       |     5 |     1 ||     6
       Tomahawk          |       |       |     5 |     1 ||     6
 Cast: Animate Skeleton  |       |       |     2 |     1 ||     3
  Use: Scroll            |       |     4 |     7 |       ||    11
       Potion            |       |     2 |       |       ||     2
 Stab: Sleeping          |     1 |       |     3 |       ||     4
       Held in net/web   |       |       |     3 |       ||     3
  Eat: Chunk             |     1 |     3 |     2 |       ||     6
       Meat ration       |       |     1 |       |       ||     1
       Bread ration      |       |     1 |     2 |       ||     3
       Fruit             |       |       |     1 |       ||     1
Armor: Leather armour    |     6 |       |       |       ||     6
       Ring mail         |    38 |    58 |    21 |       ||   117
       Chain mail        |       |       |    13 |       ||    13
       Robe              |       |       |     3 |       ||     3
Dodge: Dodged            |    69 |    86 |    53 |     5 ||   213
Block: Buckler           |    52 |    76 |    11 |       ||   139
       Other             |       |       |    36 |     2 ||    38
       Rpst.: Long sword |    22 |    29 |     2 |       ||    53

Table legend:
 A = Spawn XP
 B = Non-spawn XP
 C = Spawn XP percentage of total XP
 D = Spawn monster count
 E = Non-spawn monster count
 F = Spawn count percentage of total count
 G = Total turns spent on level
                    A         B        C        D         E        F      G
               +---------+---------+-------+---------+---------+-------+---------
         Total |     267 |    5366 |   4.7 |      16 |     130 |  11.0 |  7995
               +---------+---------+-------+---------+---------+-------+---------
           D:1 |       0 |      28 |   0.0 |       0 |      13 |   0.0 |   725
           D:2 |       3 |      73 |   3.9 |       2 |      13 |  13.3 |   733
           D:3 |      20 |     101 |  16.5 |       6 |      13 |  31.6 |  1697
           D:4 |     162 |    1103 |  12.8 |       4 |      20 |  16.7 |  1432
           D:5 |      18 |     237 |   7.1 |       3 |       9 |  25.0 |   732
           D:6 |       0 |    1806 |   0.0 |       0 |      24 |   0.0 |   745
           D:7 |       0 |    1418 |   0.0 |       0 |      20 |   0.0 |  1228
           D:8 |      64 |     529 |  10.8 |       1 |      17 |   5.6 |   355
           D:9 |       0 |      71 |   0.0 |       0 |       1 |   0.0 |     9
               +---------+---------+-------+---------+---------+-------+---------
